 Dungeon Crawl Stone Soup version 0.29-a0-982-gaed3a0c8d8 (webtiles) character file.

Game seed: 12755300633669608625

134 MisterAzrael the Stinger (level 4, 0/24 HPs)
             Began as a Deep Elf Venom Mage on Aug 2, 2022.
             Slain by an adder (2 damage)
             ... on level 4 of the Dungeon.
             The game lasted 00:04:53 (3730 turns).

MisterAzrael the Stinger (Deep Elf Venom Mage)      Turns: 3730, Time: 00:04:54

Health: 0/24       AC:  2    Str:  5    XL:     4   Next: 95%
Magic:  8/12       EV: 12    Int: 22    God:
Gold:   138        SH:  0    Dex: 15    Spells: 3/11 levels left

rFire   + . .      SeeInvis .   g - +3 dagger (elec)
rCold   + . .      Faith    .   (no shield)
rNeg    . . .      Spirit   .   a - +0 robe
rPois   +          Reflect  .   (no helmet)
rElec   +          Harm     .   h - scarf {+Inv}
rCorr   +          Rampage  .   (no gloves)
Will    .....                   (no boots)
Stlth   ++........              (no amulet)
HPRegen 0.08/turn               f - ring of wizardry
MPRegen 0.13/turn               (no ring)

@: mighty, brilliant, lethally poisoned (0 -> -2), resistant
A: no striking features
a: Evoke Invisibility


You were on level 4 of the Dungeon.
You visited 1 branch of the dungeon, and saw 4 of its levels.

You collected 138 gold pieces.

Inventory:

Hand Weapons
 g - a +3 dagger of electrocution (weapon)
Armour
 a - a +0 robe (worn)
 h - a scarf of invisibility (worn)
Jewellery
 f - a ring of wizardry (left hand)
 r - a ring of protection from fire
 t - a ring of flight
Wands
 p - a wand of digging (6)
Scrolls
 c - a scroll of butterflies {unknown}
 d - a scroll of enchant armour {unknown}
 e - 3 scrolls of teleportation {unknown}
 j - a scroll of fear {unknown}
 k - 6 scrolls of identify {unknown}
 m - a scroll of torment {unknown}
Potions
 b - a potion of magic
 n - a potion of heal wounds {unknown}
 o - a potion of might
 q - a potion of degeneration {unknown}
 s - a potion of flight {unknown}


   Skills:
 - Level 2.4 Dodging
 - Level 2.4 Stealth
 + Level 4.3 Spellcasting
 - Level 1.1 Transmutations
 * Level 5.2 Poison Magic
 + Level 1.4 Evocations


You had 3 spell levels left.
You knew the following spells:

 Your Spells              Type           Power      Damage    Failure   Level
a - Sting                 Tmut/Pois      100%       1d8       1%          1
b - Mephitic Cloud        Conj/Pois/Air  18%        N/A       6%          3
c - Olgreb's Toxic Radia  Pois           41%        N/A       4%          4

Your spell library contained the following spells:

 Spells                   Type           Power      Damage    Failure   Level
 Poisonous Vapours        Pois/Air       48%        N/A       2%          2
 Apportation              Tloc           14%        N/A       4%          1
 Necrotise                Necr           28%        1d5       4%          1
 Summon Small Mammal      Summ           28%        N/A       4%          1
 Portal Projectile        Hex/Tloc       14%        N/A       13%         3
 Tukima's Dance           Hex            7%         N/A       13%         3
 Alistair's Intoxication  Tmut/Pois      18%        N/A       32%         5
 Blade Hands              Tmut           7%         N/A       56%         5


Dungeon Overview and Level Annotations

Branches:
Dungeon (4/15)
 Temple: D:4-7

Altars:
Cheibriados

Shops:
D:2 *


Message History

Found 6 stones.
The adder attacks as you move away! The adder bites you.
You are poisoned.
The adder poisons you!
You feel sick.
The orc shouts!
A ball python comes into view.
The adder closely misses you.
You feel sick. The adder bites you.
The orc throws a boomerang.
The boomerang barely misses you.
Casting: Sting (safe; 1% risk of failure)
Confirm with . or Enter, or press ? or * to list all spells.
Okay, then.
Casting: Sting (safe; 1% risk of failure)
Confirm with . or Enter, or press ? or * to list all spells.
The spell is quite dangerous to miscast (4% risk of failure)!
Continue anyway?
You begin to radiate toxic energy.
The orc is poisoned.
The ball python hisses angrily.
The ball python is poisoned.
The adder is poisoned.
The orc looks even sicker.
The adder looks even sicker.
You feel sick.
You kill the ball python!
The adder bites you.
You are more poisoned.
The adder poisons you!
It was a potion of might.
You feel very mighty all of a sudden.
The orc looks even sicker.
Your toxic aura wanes.
You feel sick. The adder misses you. The adder bites you.
* * * LOW HITPOINT WARNING * * *
It was a potion of resistance.
You feel protected.
You feel sick.
You kill the orc!
The adder bites you.
* * * LOW HITPOINT WARNING * * *
It was a potion of brilliance.
You feel clever all of a sudden.
* * * LOW HITPOINT WARNING * * *
You feel sick. The adder bites you.
You die...

.........<....#
#..........###
#..........##
##...........#
#............#.
#.#........#.....
##............#$.#
........S.......##
#...).@..?....##
#.........$......
..#.......>.......
...#........#....#
...#........#... .
...######.....
.(#. .#.. #.#.
.#..


You could see an adder (very poisoned).

Vanquished Creatures
  Jessica (D:2)
  2 adders (D:2)
  A river rat (D:3)
  A worm (D:3)
  A dart slug (D:1)
  An orc (D:4)
  6 ball pythons
  9 endoplasms
  3 giant cockroaches
  10 goblins
  3 hobgoblins
  3 jackals (D:1)
  7 quokkas
  7 bats
  2 frilled lizards (D:1)
  6 kobolds
  7 rats
70 creatures vanquished.

Notes
Turn   | Place    | Note
-------+----------+-------------------------------------------
     0 | D:1      | MisterAzrael the Deep Elf Venom Mage began the quest for
                  | the Orb.
     0 | D:1      | Reached XP level 1. HP: 10/10 MP: 6/6
   437 | D:1      | Reached XP level 2. HP: 15/15 MP: 4/8
   798 | D:1      | Reached skill level 4 in Poison Magic
  1428 | D:2      | Found Tuplefir's General Store.
  1431 | D:2      | Reached XP level 3. HP: 19/19 MP: 7/10
  1703 | D:2      | Learned a level 3 spell: Mephitic Cloud
  1709 | D:2      | Found a snail-covered altar of Cheibriados.
  2167 | D:2      | Reached XP level 4. HP: 24/24 MP: 4/12
  2174 | D:2      | Learned a level 4 spell: Olgreb's Toxic Radiance
  2189 | D:2      | Noticed Jessica
  2217 | D:2      | Killed Jessica
  2218 | D:2      | Reached skill level 1 in Evocations
  2371 | D:2      | Found a faded altar of an unknown god.
  2398 | D:2      | Reached skill level 5 in Poison Magic
  3730 | D:4      | Slain by an adder

Illustrated notes

Levels and vault maps discovered:
D:1:      minmay_arrival_loop, layout_basic
D:2:      layout_rooms, basic_altar,
          dreamdust_ecumenical_altar_hidden_monk_grotto, serial_shops,
          shop_statue, minmay_pentomino_t2, uniq_jessica
D:3:      layout_basic, portal_sewer_entry_b, kennysheep_nondescript,
          minmay_misc_feat_rugged, serial_bayou_pond_a
D:4:      layout_rooms, serial_shops, nicolae_shop_competitors_out_of_business,
          uniq_crazy_yiuf_cottage

Skill      XL: |  1  2  3  4 |
---------------+-------------+-----
Poison Magic   | 4 5 |  5.2
Spellcasting   | 4 |  4.3
Evocations     | 1 |  1.4
Dodging        | |  2.4
Stealth        | |  2.4
Transmutations | |  1.1

Action                   |  1- 3 |  4- 6 || total
-------------------------+-------+-------++-------
Melee: Dagger            |    22 |    34 ||    56
 Cast: Sting             |    75 |    20 ||    95
       Mephitic Cloud    |     1 |     1 ||     2
       Olgreb's Toxic Ra |       |     2 ||     2
  Use: Potion            |     2 |     3 ||     5
       Scroll            |       |     2 ||     2
 Stab: Confused          |       |     1 ||     1
       Sleeping          |       |     1 ||     1
Armor: Robe              |    16 |     6 ||    22
Dodge: Dodged            |    54 |    26 ||    80

Table legend: (Time is in decaauts)
 A = Elapsed time spent in this place.
 B = Non-inter-level travel time spent in this place.
 C = Inter-level travel time spent in this place.
 D = Time resting spent in this place.
 E = Time spent auto-exploring this place.
 F = Levels seen in this place.
 G = Mean time per level.
                   A        B        C        D        E       F      G
               +--------+--------+--------+--------+--------+-----+--------+
         Total |   3730 |   3666 |     64 |    954 |   2209 |   4 |  932.5 |
       Dungeon |   3730 |   3666 |     64 |    954 |   2209 |   4 |  932.5 |
               +--------+--------+--------+--------+--------+-----+--------+

Top non-repeatable levels by time:
     D:1: 1426 daAuts
     D:2: 1203 daAuts
     D:3: 1085 daAuts
     D:4: 14 daAuts
